Map: Gresvan LE

Players

A.I. 1 (Very Easy) - Winner!

  • Race: Terran Terran
  • Spawn Location: 5:00

Eleven

  • Race: Zerg Zerg
  • League: Master
  • Spawn Location: 11:00

VOD

Have the link to the VOD?

Description

Zerg macro drill

Time

  • Played on: June 2, 2023, 1:05 a.m.
  • Length: 5:02
Show
View Real Time Build Order
Export as new Build Order

A.I. 1 (Very Easy) Terran - Winner!

Build Orders: Reaper Expand 

Get SALT Encoding   

  12  0:00  SCV  
  13  0:13  SCV  
  14  0:18  Supply Depot  
  14  0:42  Barracks  
  14  1:03  Command Center  
  14  1:30  Orbital Command  
  14  1:31  Marine, Supply Depot  
  15  1:37  Refinery  
  15  1:48  Refinery  
  15  1:56  SCV  
  16  2:08  SCV  
  17  2:16  Reaper  
  17  2:20  SCV  
  17  2:22  SCV  
  20  2:32  SCV  
  20  2:36  SCV  
  22  2:45  SCV  
  22  2:50  SCV  
  24  2:58  SCV  
  25  3:00  Refinery  
  25  3:02  Marine  
  25  3:05  SCV  
  27  3:12  SCV  
  28  3:19  SCV, Factory  
  29  3:43  Refinery  
  29  3:44  SCV  
  29  3:48  Marine  
  31  3:51  SCV  
  32  3:57  Supply Depot  
  32  3:58  SCV  
  33  4:05  SCV  
  33  4:06  Barracks Tech Lab, Starport  
  34  4:13  SCV  
  35  4:20  SCV  
  36  4:27  SCV  
  37  4:31  Supply Depot  
  37  4:34  Marauder, SCV  
  40  4:41  SCV  
  40  4:42  Starport Tech Lab  
  41  4:49  SCV  
Show
View Real Time Build Order
Export as new Build Order

Eleven Zerg 

Build Orders: Hatch First 

Get SALT Encoding   

  12  0:00  Drone  
  13  0:12  Overlord  
  13  0:16  Drone  
  14  0:30  Drone x2  
  14  0:35  Drone  
  17  0:51  Hatchery  
  17  0:54  Drone  
  17  0:57  Drone  
  18  1:09  Extractor  
  17  1:13  Spawning Pool  
  17  1:15  Drone  
  17  1:19  Drone  
  18  1:28  Drone  
  19  1:38  Drone  
  20  1:49  Drone  
  21  2:01  Zergling x2  
  21  2:02  Queen  
  21  2:03  Queen  
  21  2:04  Zergling x2  
  27  2:13  Hatchery  
  26  2:18  Overlord  
  26  2:23  Drone x2  
  28  2:36  Metabolic Boost  
  28  2:38  Drone x3  
  31  2:44  Queen  
  31  2:49  Overlord  
  33  2:51  Drone  
  33  2:55  Drone  
  36  2:58  Drone  
  36  3:04  Overlord  
  36  3:09  Drone  
  37  3:13  Drone x3  
  40  3:20  Overlord  
  40  3:21  Drone  
  40  3:24  Queen  
  40  3:26  Drone  
  44  3:29  Drone  
  44  3:31  Drone  
  46  3:37  Queen  
  46  3:40  Baneling Nest  
  46  3:42  Drone x3  
  49  3:52  Drone  
  49  3:53  Drone x2  
  49  3:55  Drone x6  
  57  4:00  Drone  
  59  4:03  Queen  
  59  4:08  Drone x3  
  64  4:14  Overlord  
  64  4:16  Drone  
  65  4:21  Overlord  
  65  4:22  Overlord  
  65  4:23  Overlord  
  65  4:30  Evolution Chamber  
  66  4:32  Zergling x2  
  66  4:33  Zergling x2  
  66  4:34  Zergling x2, Evolution Chamber  
  66  4:36  Zergling x4  
  70  4:39  Zergling x4  
  70  4:41  Zergling x2  
  70  4:42  Zergling x4  
  70  4:43  Zergling x2  
  70  4:44  Zergling x2  
Tags
 
Add a new tag
Caveats
  • Supply blocks, unpowered buildings, or Contaminate may cause inaccurate times.
  • Supply counts are checked every 10 seconds.